 Dungeon Crawl Stone Soup version 0.29.1-13-g9f3cf754e1 (webtiles) character file.

Game seed: 12339944206596011360

86 Peloso the Trooper (level 4, 0/41 HPs)
             Began as a Minotaur Fighter on Jan 21, 2023.
             Slain by a gnoll
             ... wielding a +0 spear
              (5 damage)
             ... on level 2 of the Dungeon.
             The game lasted 00:05:37 (1609 turns).

Peloso the Trooper (Minotaur Fighter)               Turns: 1609, Time: 00:05:37

Health: 0/41       AC: 12    Str: 21    XL:     4   Next: 26%
Magic:  3/3        EV:  9    Int:  5    God:
Gold:   76         SH:  4    Dex: 11    Spells: 3/3 levels left

rFire   . . .      SeeInvis .   a - +0 long sword
rCold   . . .      Faith    .   d - +0 buckler
rNeg    . . .      Spirit   .   c - +0 scale mail
rPois   .          Reflect  .   (helmet restricted)
rElec   .          Harm     .   (no cloak)
rCorr   .          Rampage  .   e - +0 pair of gloves
Will    .....                   (no boots)
Stlth   ..........              (no amulet)
HPRegen 0.13/turn               g - +4 ring of protection
MPRegen 0.08/turn               (no ring)

@: no status effects
A: horns 2, retaliatory headbutt
a: no special abilities


You were on level 2 of the Dungeon.
You visited 1 branch of the dungeon, and saw 2 of its levels.

You collected 76 gold pieces.

Inventory:

Hand Weapons
 a - a +0 long sword (weapon)
 b - a +1 short sword of flaming
Armour
 c - a +0 scale mail (worn)
 d - a +0 buckler (worn)
 e - a +0 pair of gloves (worn)
Jewellery
 g - a +4 ring of protection (left hand)
 h - an amulet of guardian spirit
Scrolls
 f - 2 scrolls of immolation
 k - a scroll of silence
Potions
 i - a potion of mutation {unknown}
 j - a potion of magic {unknown}
 l - 2 potions of might
 m - a potion of haste {unknown}


   Skills:
 + Level 4.5 Fighting
 + Level 3.5 Long Blades
 + Level 4.3 Armour
 + Level 0.2 Dodging
 + Level 4.2 Shields


You had 3 spell levels left.
You didn't know any spells.
Your spell library was empty.

Dungeon Overview and Level Annotations

Branches:
Dungeon (2/15)

Altars:


Innate Abilities, Weirdness & Mutations

You have a pair of horns on your head.
You reflexively headbutt those who attack you in melee.


Message History

The gnoll is heavily wounded.
The gnoll hits you with a +0 spear.
You hit the gnoll.
The gnoll is almost dead.
The gnoll hits you with a +0 spear. The gnoll closely misses you.
You barely miss the gnoll.
The gnoll is almost dead.
The gnoll closely misses you.
The gnoll shouts!
The gnoll hits you but does no damage. The gnoll hits you but does no damage.
You hit the gnoll.
You kill the gnoll!
The gnoll closely misses you.
Unknown command.
The gnoll hits you with a +0 halberd.
The gnoll shouts!
You hit the gnoll. Your headbutt misses the gnoll.
The gnoll is lightly wounded.
The gnoll hits you with a +0 halberd!
* * * LOW HITPOINT WARNING * * *
The gnoll closely misses you. The gnoll hits you but does no damage.
You hit the gnoll.
You headbutt the gnoll, but do no damage.
The gnoll is lightly wounded.
The gnoll hits you from afar with a +0 spear.
* * * LOW HITPOINT WARNING * * *
The gnoll hits you but does no damage.
You hit the gnoll.
The gnoll is moderately wounded.
You block the gnoll's attack. The gnoll hits you but does no damage.
You closely miss the gnoll. Your headbutt misses the gnoll.
The gnoll is moderately wounded.
The gnoll barely misses you. The gnoll hits you with a +0 halberd.
* * * LOW HITPOINT WARNING * * *
You hit the gnoll but do no damage.
The gnoll is moderately wounded.
The gnoll hits you but does no damage.
The gnoll hits you from afar with a +0 spear.
You die...

## ### #####. ..#
..... #.#
####..####.####
#......<).....#
#.##..#.##.##.#
.....#)......#
#.###....@g#..######
# ###.##.g.......#
#.####.)####.#
#.......# #.# #.#
#......## #.# #.#
###.....# #.# #.#
#.>...####.#
##.#######..........#
#... ..##..g.[####.#


You could see 2 gnolls.

Vanquished Creatures
  Robin (D:1)
  2 gnolls (D:2)
  An adder (D:2)
  A worm (D:2)
  4 endoplasms
  3 giant cockroaches
  10 goblins
  4 hobgoblins
  5 kobolds
  2 quokkas
  4 ball pythons
  A bat (D:2)
  A frilled lizard (D:1)
  A rat (D:2)
40 creatures vanquished.

Notes
Turn   | Place    | Note
-------+----------+-------------------------------------------
     0 | D:1      | Peloso the Minotaur Fighter began the quest for the Orb.
     0 | D:1      | Reached XP level 1. HP: 19/19 MP: 0/0
   451 | D:1      | Reached XP level 2. HP: 27/27 MP: 1/1
  1199 | D:2      | Reached XP level 3. HP: 26/34 MP: 2/2
  1209 | D:2      | Noticed Robin
  1584 | D:1      | Killed Robin
  1594 | D:2      | Reached XP level 4. HP: 40/41 MP: 3/3
  1609 | D:2      | Slain by a gnoll

Illustrated notes

Levels and vault maps discovered:
D:1:      scummos_arrival_gate, layout_basic, minivault_25, serial_bayou_pond_e
D:2:      layout_loops_cross, st_stairs_9, uniq_robin

Skill      XL: |  1  2  3 |
---------------+----------+-----
Fighting       | 4 |  4.5
Armour         | 4 |  4.3
Shields        | 4 |  4.2
Long Blades    | 3 |  3.5
Dodging        | |  0.2

Action                   |  1- 3 |  4- 6 || total
-------------------------+-------+-------++-------
Melee: Long sword        |    72 |    11 ||    83
       Headbutt          |     8 |     1 ||     9
  Use: Scroll            |     5 |       ||     5
       Potion            |     2 |       ||     2
Armor: Scale mail        |    67 |     6 ||    73
Dodge: Dodged            |    68 |     7 ||    75
Block: Buckler           |    28 |     1 ||    29
